Map: Catalyst LE

Players

Infamous - Winner!

  • Race: Protoss Protoss
  • League: Silver
  • Spawn Location: 11:00

RedPyro

  • Race: Terran Terran
  • Spawn Location: 5:00

VOD

Have the link to the VOD?

Description

Time

  • Played on: March 18, 2018, 8:02 p.m.
  • Length: 10:58
Show
View Real Time Build Order
Export as new Build Order

Infamous Protoss - Winner!

Build Orders: Colossus Rush 

Get SALT Encoding   

  12  0:04  Probe  
  13  0:16  Probe  
  14  0:21  Pylon  
  14  0:33  Probe (Chrono Boost)  
  15  0:39  Gateway  
  15  0:45  Probe (Chrono Boost)  
  16  0:53  Probe (Chrono Boost)  
  17  1:04  Probe  
  18  1:15  Assimilator  
  18  1:16  Probe  
  19  1:28  Cybernetics Core  
  19  1:35  Pylon  
  19  1:39  Probe  
  20  1:52  Pylon  
  20  1:53  Zealot  
  22  1:59  Warp Gate (Chrono Boost)  
  22  2:13  Nexus  
  22  2:17  Probe  
  22  2:22  Assimilator  
  23  2:26  Adept (Chrono Boost)  
  25  2:40  Probe  
  26  2:46  Pylon  
  28  2:51  Adept  
  28  2:57  Robotics Facility  
  28  3:05  Probe  
  29  3:17  Probe  
  30  3:23  Pylon  
  30  3:27  Probe  
  30  3:29  Probe  
  32  3:44  Gateway x2  
  32  3:49  Robotics Facility  
  32  3:50  Probe x2  
  34  4:03  Probe  
  33  4:11  Robotics Bay  
  31  4:17  Stalker  
  31  4:21  Probe x2  
  35  4:37  Probe  
  35  4:38  Probe  
  37  4:39  Pylon  
  37  4:41  Stalker  
  37  4:43  Pylon  
  39  4:48  Immortal  
  44  4:53  Probe (Chrono Boost)  
  44  4:57  Probe (Chrono Boost)  
  45  5:05  Zealot x3  
  45  5:07  Probe (Chrono Boost)  
  52  5:20  Pylon  
  58  5:31  Colossus (Chrono Boost)  
  58  5:32  Gateway  
  58  5:34  Stalker  
  58  5:35  Zealot  
  62  5:37  Sentry  
  64  5:47  Probe x2  
  66  5:51  Assimilator  
  66  5:53  Disruptor (Chrono Boost)  
  69  6:04  Zealot x2  
  69  6:05  Zealot  
  75  6:11  Probe  
  75  6:12  Probe  
  77  6:25  Stalker  
  77  6:26  Stalker x2  
  83  6:54  Stalker  
  85  7:04  Assimilator  
  85  7:53  Pylon  
  85  7:55  Pylon  
  85  8:00  Pylon  
  85  8:03  Forge  
  85  8:04  Pylon  
  85  8:05  Forge  
  85  8:07  Pylon  
  85  8:09  Pylon  
  85  8:10  Immortal (Chrono Boost)  
  85  8:11  Gateway  
  89  8:13  Gateway  
  89  8:16  Gateway, Stalker x2  
  89  8:17  Stalker, Zealot  
  97  8:41  Stalker  
  97  8:43  Zealot x3  
  97  9:11  Stalker  
  97  9:12  Stalker x3  
  101  9:34  Colossus  
  101  9:35  Disruptor  
  110  9:45  Probe x2  
  112  9:51  Nexus  
  112  9:53  Pylon  
  112  9:55  Pylon  
  112  9:58  Assimilator  
  112  10:02  Assimilator  
  118  10:15  Stalker x2  
Show
View Real Time Build Order
Export as new Build Order

RedPyro Terran 

Build Orders:  

Get SALT Encoding   

  12  0:13  SCV  
  13  0:15  Supply Depot  
  13  0:25  SCV  
  14  0:37  Supply Depot, SCV  
  15  0:49  SCV  
  16  0:51  Refinery  
  16  1:02  SCV  
  17  1:11  Barracks  
  17  1:14  SCV  
  18  1:26  SCV  
  19  1:38  SCV  
  20  1:43  Refinery  
  20  1:50  SCV  
  21  2:02  SCV  
  21  2:06  Supply Depot  
  22  2:08  Factory  
  22  2:10  Barracks Tech Lab  
  22  2:14  SCV  
  23  2:26  SCV  
  23  2:29  Marauder  
  26  2:38  SCV  
  27  2:50  SCV  
  27  2:51  Marauder  
  30  3:03  SCV  
  31  3:12  Marauder  
  33  3:23  Barracks  
  33  3:33  Marauder  
  35  3:46  Barracks  
  35  3:54  Supply Depot  
  35  3:55  Marauder  
  37  4:16  Marauder  
  39  4:17  Command Center  
  39  4:37  Marauder  
  40  4:58  Reaper  
  40  4:59  Reaper, Marauder  
  44  5:20  Starport, Marauder  
  46  5:30  Marine  
  46  5:31  Marine  
  46  5:34  Engineering Bay  
  48  5:42  Marauder  
  50  5:48  Marine, Refinery  
  50  5:49  Marine, SCV  
  53  6:01  SCV  
  53  6:03  Marauder  
  56  6:05  Marine  
  56  6:06  Marine  
  56  6:11  Terran Infantry Armor Level 1  
  58  6:13  SCV  
  58  6:16  Medivac  
  61  6:23  Marine  
  62  6:36  Supply Depot  
  62  6:48  Supply Depot  
  62  6:58  Marine x3, Medivac, SCV, Supply Depot  
  68  7:10  SCV  
  69  7:15  Marine x3  
  69  7:22  SCV  
  73  7:28  Medivac  
  75  7:33  Marine x2  
  75  7:34  SCV  
  76  7:46  SCV  
  77  7:51  Marine x2  
  77  7:57  Marine  
  77  7:58  Medivac  
  82  8:05  Terran Infantry Weapons Level 1  
  82  8:09  Marine x2  
  84  8:13  SCV  
  84  8:15  Marine  
  86  8:25  SCV  
  84  8:27  Marine x2  
  84  8:29  Medivac  
  84  8:33  Marine  
  71  8:44  Marine  
  71  8:56  Marine x2  
  63  9:14  Marine  
  59  9:23  Marine  
  58  9:32  Marine x2  
  59  9:41  Marine  
  60  9:49  Marine  
  60  9:51  Marauder  
  63  9:59  Marine  
  64  10:07  Marine  
  64  10:12  Marauder  
  67  10:17  Marine  
  68  10:25  Marine  
  67  10:35  Marine  
Tags
 
League
Silver
Matchup
PvT
Replay Pack
Last Remnant (2)
Spawn Locations
Cross Positions
Add a new tag
Caveats
  • Supply blocks, unpowered buildings, or Contaminate may cause inaccurate times.
  • Supply counts are checked every 10 seconds.